 Dungeon Crawl Stone Soup version 0.32-a0-290-g598725c5f2 (webtiles) character file.

Game seed: 8061070298390754088

7095 Dittersdorf the Fighter (level 11, -4/72 HPs)
             Began as a Gargoyle Fighter on Feb 13, 2024.
             Was an Initiate of Gozag.
             Slain by a killer bee (9 damage)
             ... on level 10 of the Dungeon.
             The game lasted 00:14:32 (10471 turns).

Dittersdorf the Fighter (Gargoyle Fighter)         Turns: 10471, Time: 00:14:33

Health: -4/72      AC: 27    Str: 24    XL:     11   Next: 9%
Magic:  0/11       EV:  7    Int:  9    God:    Gozag
Gold:   1166       SH:  6    Dex:  9    Spells: 10/10 levels left

rFire   . . .        b - +0 morningstar
rCold   + . .        c - +0 buckler
rNeg    + . .        p - +0 plate armour
rPois   ∞            (no helmet)
rElec   +            l - +0 cloak
rCorr   .            j - +1 pair of gloves
SInv    .            a - +0 pair of boots
Will    .....        r - amulet of guardian spirit Stlth
                     h - ring of protection from cold
HPRegen 0.32/turn    (no ring)
MPRegen 0.12/turn

%: guardian spirit
@: no status effects
A: sickness immunity, AC +8, negative energy resistance 1, electricity
resistance, torment resistance 1, petrification resistance
a: Renounce Religion, Potion Petition, Call Merchant, Bribe Branch


You were on level 10 of the Dungeon.
You worshipped Gozag.
Gozag was most pleased with you.
You visited 2 branches of the dungeon, and saw 11 of its levels.
You also visited: Bailey.

You collected 1308 gold pieces.
You paid 142 gold pieces to Gozag.

Inventory:

Hand Weapons
 b - a +0 morningstar (weapon)
Missiles
 t - a throwing net
Armour
 a - a +0 pair of boots (worn)
 c - a +0 buckler (worn)
 j - a +1 pair of gloves (worn)
 l - a +0 cloak (worn)
 p - a +0 plate armour (worn)
Jewellery
 h - a ring of protection from cold (left hand)
 r - an amulet of guardian spirit (around neck)
Wands
 m - a wand of digging (11)
Scrolls
 e - 2 scrolls of noise {unknown}
 g - 8 scrolls of teleportation
 o - a scroll of enchant armour
 v - a scroll of enchant weapon {unknown}
 w - 2 scrolls of fear {unknown}
Potions
 d - 6 potions of might
 f - a potion of ambrosia
 k - 4 potions of curing
 q - 5 potions of mutation
 s - 3 potions of resistance {unknown}
 u - 2 potions of degeneration {unknown}
 x - a potion of attraction {unknown}
 z - a potion of cancellation {unknown}
 A - a potion of magic {unknown}
 B - 3 potions of invisibility {unknown}
 C - a potion of experience {unknown}
 D - a potion of heal wounds {unknown}
 E - a potion of haste {unknown}


   Skills:
 + Level 9.8 Fighting
 + Level 8.6 Maces & Flails
 + Level 9.8 Armour
 + Level 9.8 Shields


You had 10 spell levels left.
You didn't know any spells.
Your spell library contained the following spells:

 Spells                   Type           Power      Damage    Failure   Level
 Foxfire                  Conj/Fire      0%         2x1d4     99%         1
 Magic Dart               Conj           0%         1d3       99%         1
 Blink                    Tloc           0%         N/A       100%        2
 Call Imp                 Summ           0%         N/A       100%        2
 Frozen Ramparts          Ice            0%         1d1       100%        3
 Cause Fear               Hex            0%         N/A       100%        4
 Dispel Undead            Necr           0%         3d6       100%        4
 Ignite Poison            Fire/Alch      0%         N/A       100%        4
 Leda's Liquefaction      Alch/Erth      0%         N/A       100%        4
 Martyr's Knell           Necr/Summ      0%         N/A       100%        4
 Petrify                  Alch/Erth      0%         N/A       100%        4
 Vhi's Electric Charge    Tloc/Air       0%         N/A       100%        4
 Arcjolt                  Conj/Air       0%         1d10      100%        5
 Fireball                 Conj/Fire      0%         3d3       100%        5
 Freezing Cloud           Conj/Ice/Air   0%         6-21      100%        5
 Metabolic Englaciation   Hex/Ice        0%         N/A       100%        5
 Death Channel            Necr           0%         N/A       100%        6
 Plasma Beam              Fire/Air       0%         2x1d10    100%        6
 Starburst                Conj/Fire      0%         6d3       100%        6
 Dragon's Call            Summ           0%         N/A       100%        9
 Cigotuvi's Dreadful Rot  Necr/Alch/Air  Unusable   N/A       N/A         2

Dungeon Overview and Level Annotations

Branches:
Dungeon (10/15)            Temple (1/1) D:7            Lair (0/5) D:10
    Orc (0/2) D:9          Bailey (visited)

Altars:
Ashenzari
Cheibriados
Dithmenos
Elyvilon
Fedhas
Gozag
Hepliaklqana
Kikubaaqudgha
Makhleb
Nemelex Xobeh
Okawaru
Qazlal
Ru
Sif Muna
Trog
Uskayaw
Vehumet
Wu Jian
Xom
Yredelemnul
Zin
The Shining One

Shops:
D:4 *   D:6 !   D:8 :

Annotations:
D:3 1 runed translucent door, Crazy Yiuf
Temple 2 transporters


Innate Abilities, Weirdness & Mutations

You are immune to sickness and miasma.
Your stone body is resilient. (AC +8)
You are immune to poison.
You resist negative energy. (rN+)
You are resistant to electric shocks. (rElec)
You are resistant to unholy torment.
You are immune to petrification.


Message History

The killer bee stings you but does no damage. x4
The killer bee rages.
Okay, then.
You feel better.
The killer bee stings you but does no damage.
You block the killer bee's attack. The killer bee closely misses you.
The killer bee barely misses you. The killer bee stings you.
* * * LOW HITPOINT WARNING * * *
The killer bee stings you but does no damage. x3
You block the killer bee's attack. The killer bee barely misses you.
The killer bee stings you.
* * * LOW HITPOINT WARNING * * *
You feel better. The killer bee stings you.
* * * LOW HITPOINT WARNING * * *
You block the killer bee's attack. x2; The killer bee barely misses you.
The killer bee stings you but does no damage.
The killer bee stings you.
* * * LOW HITPOINT WARNING * * *
The killer bee closely misses you. The killer bee barely misses you.
The killer bee stings you but does no damage.
The killer bee barely misses you. The killer bee stings you.
* * * LOW HITPOINT WARNING * * *
The killer bee stings you but does no damage. x4
You feel better.
The killer bee stings you but does no damage.
The killer bee completely misses you. You block the killer bee's attack.
The killer bee stings you but does no damage.
The killer bee completely misses you.
The killer bee stings you but does no damage.
The killer bee closely misses you.
The killer bee stings you but does no damage.
The killer bee completely misses you. The killer bee barely misses you.
The killer bee stings you.
* * * LOW HITPOINT WARNING * * *
The killer bee stings you.
* * * LOW HITPOINT WARNING * * *
The killer bee stings you but does no damage.
The killer bee stings you!
You die...
Your body crumbles into a pile of gold.

##...###..# #.......... ....
#######..##.....#......y.y.
......#.........#.....#......y.y.
......#.........#.....#......y###
......#.........#.....#.....y.#
......#.........#.....#§§§§...#
......###'#######.....##§§##.##
#..............yy.....#§§##'##
+..............@yy....#y§§...#
#..........>..yyy.....#§y§...#
#...[[................'.§§...#
#..[..................#+########
#.........##########............
#.........# ..... #............
#.........#...... +............
#.........#...... #............
#.........#...... #............


You could see 7 killer bees.

Vanquished Creatures
  Joseph (D:7)
  Maggie (D:10)
  A cane toad (D:10)
  A hornet (D:7)
  Prince Ribbit (D:7)
  A wyvern (D:8)
  5 yaks (D:9)
  A steam dragon (D:8)
  A water moccasin (D:8)
  An acid dragon (D:9)
  Duvessa (D:7)
  An ice beast (D:5)
  A black bear (D:6)
  An orc warrior (Bailey)
  An ogre (D:6)
  2 phantoms
  A centaur (D:9)
  A kobold brigand (D:7)
  8 bullfrogs
  6 scorpions
  15 wights
  Dowan (D:6)
  15 killer bees (D:10)
  4 howler monkeys
  2 bombardier beetles
  3 orc priests
  4 hounds
  A jelly (D:6)
  A sleepcap (D:8)
  4 gnoll boudas
  An iguana (D:4)
  Natasha (thrice) (D:4)
  An orc wizard (D:6)
  4 hell rats
  11 adders
  28 gnolls
  2 river rats
  A white imp (D:5)
  2 ufetubi (D:6)
  3 dart slugs
  3 ribbon worms (D:2)
  28 orcs
  6 endoplasms
  5 giant cockroaches
  9 goblins
  7 hobgoblins
  6 quokkas
  5 ball pythons
  7 bats
  5 frilled lizards
  12 kobolds
  8 rats
244 creatures vanquished.

Notes
Turn   | Place    | Note
-------+----------+-------------------------------------------
     0 | D:1      | Dittersdorf the Gargoyle Fighter began the quest for the
                  | Orb.
     0 | D:1      | Reached XP level 1. HP: 14/14 MP: 1/1
   136 | D:1      | Reached XP level 2. HP: 19/19 MP: 2/2
   422 | D:1      | Reached XP level 3. HP: 23/23 MP: 3/3
   769 | D:2      | Reached XP level 4. HP: 22/29 MP: 4/4
  1328 | D:3      | Noticed a scorpion
  1344 | D:2      | Killed a scorpion
  1345 | D:2      | Reached XP level 5. HP: 31/33 MP: 5/5
  1435 | D:3      | Reached XP level 6. HP: 39/39 MP: 6/6
  2143 | D:3      | Found a runed translucent door.
  2144 | D:3      | Noticed Crazy Yiuf
  2293 | D:4      | Found Ujowecw's Overcharged Wands.
  2639 | D:4      | Noticed Natasha
  2665 | D:4      | Killed Natasha
  2792 | D:4      | Reached skill level 5 in Fighting
  2792 | D:4      | Reached skill level 5 in Armour
  2792 | D:4      | Reached skill level 5 in Shields
  2895 | D:4      | Reached XP level 7. HP: 38/44 MP: 7/7
  3219 | D:4      | Noticed Natasha
  3223 | D:4      | Killed Natasha
  3229 | D:4      | Noticed Natasha
  3234 | D:4      | Killed Natasha
  3655 | D:5      | Entered Level 5 of the Dungeon
  3877 | D:5      | Reached XP level 8. HP: 46/51 MP: 6/8
  4284 | D:5      | Reached skill level 5 in Maces & Flails
  4856 | D:6      | Found Cothur's Distillery.
  4884 | D:6      | Reached XP level 9. HP: 47/56 MP: 9/9
  5252 | D:6      | Found a hazy altar of Hepliaklqana.
  5593 | D:7      | Noticed Dowan
  5593 | D:7      | Noticed Duvessa
  5603 | D:7      | Killed Duvessa
  5749 | D:6      | Killed Dowan
  6402 | D:7      | Found a staircase to the Ecumenical Temple.
  6408 | Temple   | Found a transporter.
  6408 | Temple   | Found a transporter.
  6408 | Temple   | Found a transporter.
  6408 | Temple   | Found a transporter.
  6408 | Temple   | Entered the Ecumenical Temple
  6421 | Temple   | Became a worshipper of Gozag Ym Sagoz the Greedy
  6495 | D:7      | Noticed Prince Ribbit
  6514 | D:7      | Killed Prince Ribbit
  6576 | D:7      | Noticed Joseph
  6806 | D:7      | Killed Joseph
  7135 | D:7      | Reached XP level 10. HP: 64/64 MP: 10/10
  7807 | D:8      | Found Peidwo's Book Shoppe.
  7936 | D:8      | Found a hide-covered altar of Uskayaw.
  7939 | D:8      | Found a burning altar of Makhleb.
  7942 | D:8      | Found a glowing silver altar of Zin.
  7943 | D:8      | Found a white marble altar of Elyvilon.
  7945 | D:8      | Found a glowing golden altar of the Shining One.
  7945 | D:8      | Found a shimmering blue altar of Sif Muna.
  7946 | D:8      | Found a sacrificial altar of Ru.
  7958 | D:8      | Found a sparkling altar of Nemelex Xobeh.
  8055 | D:8      | Found a broken altar of Ashenzari.
  8311 | D:9      | Found a flagged portal.
  8392 | Bailey   | Entered a bailey
  8954 | D:9      | Found a staircase to the Orcish Mines.
  9405 | D:9      | Found a basalt altar of Yredelemnul.
  9537 | D:10     | Entered Level 10 of the Dungeon
  9555 | D:10     | Noticed Maggie
  9577 | D:10     | Killed Maggie
  9836 | D:10     | Found a staircase to the Lair.
  9844 | D:10     | Noticed a cane toad
  9857 | D:10     | Killed a cane toad
 10263 | D:10     | Reached XP level 11. HP: 60/71 MP: 11/11
 10468 | D:10     | HP: 2/72 [killer bee (8)]
 10471 | D:10     | Slain by a killer bee

Illustrated notes

Levels and vault maps discovered:
D:1:      lightli_arrival_chessboard, layout_loops_ring, minmay_misc_feat_square
D:2:      layout_rooms
D:3:      layout_rooms, uniq_crazy_yiuf_cottage
D:4:      layout_layer_cave, grunt_ministairs_13,
          nicolae_shop_overcharged_wands, uniq_natasha
D:5:      layout_cave_pools, kennysheep_windowed_goal
D:6:      layout_gridville, nicolae_hepliaklqana_hippocampus, serial_shops,
          nicolae_shop_tiny_real_fake_doors
D:7:      layout_basic, minmay_temple_entry_enclosed_plants,
          uniq_prince_ribbit1, uniq_duvessa, uniq_joseph
D:8:      layout_rooms, nicolae_overflow_hallway_of_the_gods, serial_shops,
          nicolae_shop_statue_plus
D:9:      layout_loops_cross, mainiacjoe_overflow_paths, orc_0_dummy,
          enter_bailey_5, minivault_22, grunt_decor_fettered
D:10:     layout_gridville, dpeg_lair_monsters, special_room [special_room_bee],
          gammafunk_ghost_berserking_beasts, uniq_maggie
Temple:   hellmonk_temple_divided_pantheon

Skill      XL: |  1  2  3  4  5  6  7  8  9 10 |
---------------+-------------------------------+-----
Armour         | 4 5 6 8 9 |  9.8
Shields        | 4 5 6 8 9 |  9.8
Fighting       | 4 5 6 8 9 |  9.8
Maces & Flails | 3 4 5 7 8 |  8.6

Action                     |  1- 3 |  4- 6 |  7- 9 | 10-12 || total
---------------------------+-------+-------+-------+-------++-------
  Melee: Flail             |    91 |   160 |       |       ||   251
         Morningstar       |       |   124 |   410 |   373 ||   907
  Throw: Dart              |       |       |       |     1 ||     1
    Use: Scroll            |       |     2 |    10 |     2 ||    14
         Potion            |       |       |       |     3 ||     3
   Stab: Distracted        |       |       |       |     2 ||     2
 Armour: Scale mail        |    95 |    96 |       |       ||   191
         Chain mail        |       |   168 |   506 |   240 ||   914
         Plate armour      |       |       |       |   277 ||   277
  Dodge: Dodged            |    47 |   140 |   212 |   209 ||   608
  Block: Buckler           |    19 |    81 |   142 |   155 ||   397

Table legend: (Time is in decaauts)
 A = Elapsed time spent in this place.
 B = Non-inter-level travel time spent in this place.
 C = Inter-level travel time spent in this place.
 D = Time resting spent in this place.
 E = Time spent auto-exploring this place.
 F = Levels seen in this place.
 G = Mean time per level.
                   A        B        C        D        E       F      G
               +--------+--------+--------+--------+--------+-----+--------+
         Total |  10763 |  10386 |    377 |   2026 |   5584 |  12 |  896.9 |
       Dungeon |  10173 |   9822 |    351 |   1926 |   5288 |  10 | 1017.3 |
        Temple |     30 |      4 |     26 |      0 |      0 |   1 |   30.0 |
        Bailey |    559 |    559 |      0 |    100 |    296 |   1 |  559.0 |
               +--------+--------+--------+--------+--------+-----+--------+

Top non-repeatable levels by time:
     D:4: 1815 daAuts
     D:7: 1786 daAuts
     D:6: 1129 daAuts
     D:9: 1016 daAuts
     D:2: 897 daAuts
    D:10: 744 daAuts
     D:1: 736 daAuts
     D:5: 707 daAuts
     D:3: 707 daAuts
     D:8: 631 daAuts
  Bailey: 559 daAuts
  Temple: 30 daAuts
